[Event "Team 45 45 League T73"]
[Site "Internet Chess Club"]
[Date "2017.06.16"]
[Round "1"]
[White "ANGELLR"]
[Black "fledermaus"]
[Result "1/2-1/2"]
[WhiteElo "1850"]
[BlackElo "1850"]
[Opening "Queen's pawn, Mason variation, Steinitz counter-gambit"]
[ECO "D00"]
[Time "16:01:16"]
[TimeControl "2700+45"]

1. d4 d5 2. Bf4 c5 3. e3 Nc6 4. Nf3 Nf6 5. c3 Qb6 6. Qb3 c4 7. Qxb6 axb6 8. Nbd2
b5 9. Ne5 Bf5 10. Be2 e6 11. O-O b4 12. Nxc6 bxc6 13. cxb4 Bxb4 14. Nf3 Ke7 15.
h3 Bd6 16. Ne5 Rhc8 17. g4 Bg6 18. h4 Rab8 19. b3 cxb3 20. axb3 Bxe5 21. Bxe5
Rxb3 22. Ra7+ Kf8 23. Bd6+ Kg8 24. Ba6 Rd8 25. Bc7 Re8 26. h5 Bd3 27. Bxd3 Rxd3
28. Rc1 Nxg4 29. Rxc6 Rd2 30. Bg3 Nf6 31. Rcc7 Nxh5 32. Rxf7 Rc2 33. Be5 Ra2 34.
Rad7 Rd8 35. Rb7 Rb2 36. Rxb2 Kxf7 37. Rb7+ Kg6 38. Re7 Kf5 39. Kf1 Rg8 40. Ke2
Nf6 41. f3 h5 42. Kf2 Kg6 43. Rxe6 Rd8 44. Kg3 Rd7 45. Kh4 Kf5 46. Rb6 g5+ 47.
Kg3 Rf7 48. Rd6 h4+ 49. Kg2 Kg6 50. Bxf6 Rxf6 51. Rxd5 h3+ 52. Kg3 h2 53. Kxh2
Rxf3 54. Kg2 Rxe3 55. Kf2 {Game drawn by mutual agreement} 1/2-1/2

[Event "Team 45 45 League T73"]
[Site "Internet Chess Club"]
[Date "2017.06.18"]
[Round "1"]
[White "jonesey"]
[Black "Agarnez"]
[Result "1-0"]
[WhiteElo "1908"]
[BlackElo "1922"]
[Opening "English: symmetrical, Botvinnik system"]
[ECO "B20"]
[Time "21:06:20"]
[TimeControl "2700+45"]

1. e4 c5 2. c4 Nc6 3. Nc3 g6 4. g3 Bg7 5. Bg2 d6 6. Nge2 e6 7. d3 Nge7 8. Rb1
O-O 9. O-O a6 10. a3 b6 11. b4 Bb7 12. bxc5 dxc5 13. Be3 Nd4 14. Na4 Bc6 15.
Nxb6 Rb8 16. Bxd4 Bxd4 17. Nxd4 Qxd4 18. Qc2 Rfd8 19. Rb3 Rb7 20. Rfb1 Rdb8 21.
R1b2 g5 22. Qb1 Ng6 23. Bf1 Ne5 24. Be2 f5 25. exf5 Rf8 26. Nd5 exd5 27. Rxb7
dxc4 28. dxc4 Be4 29. Qd1 Qc3 30. R7b3 Qa5 31. Rb8 Qxa3 32. Rxf8+ Kxf8 33. Qd6+
Kf7 34. Qxe5 {Black resigns} 1-0

[Event "Team 45 45 League T73"]
[Site "Internet Chess Club"]
[Date "2017.06.19"]
[Round "1"]
[White "Bryant-L"]
[Black "LazyPeon"]
[Result "0-1"]
[WhiteElo "1673"]
[BlackElo "1668"]
[Opening "Sicilian: Grand Prix attack"]
[ECO "B23"]
[Time "14:02:22"]
[TimeControl "2700+45"]

1. e4 c5 2. Nc3 Nc6 3. f4 g6 4. Nf3 Bg7 5. Bb5 Nd4 6. O-O a6 7. Bc4 b5 8. Bd5
Rb8 9. a4 e6 10. Ba2 Ne7 11. Ne2 Qb6 12. Nexd4 cxd4 13. axb5 d3+ 14. Kh1 Qxb5
15. c3 O-O 16. e5 Bb7 17. Nd4 Qb6 18. Bc4 Nc6 19. Nxc6 Qxc6 20. Rf2 Qxc4 21. Ra4
Qc5 22. Qe1 d6 23. Rd4 dxe5 24. Rxd3 exf4 25. Rxf4 Rfd8 26. Rh3 Qg5 27. Qf2
Bxg2+ 28. Qxg2 Qxf4 29. Rf3 Qe4 30. d4 Rbc8 31. Bg5 Rd5 32. Bf4 Rf5 {White
resigns} 0-1

[Event "Team 45 45 League T73"]
[Site "Internet Chess Club"]
[Date "2017.06.19"]
[Round "1"]
[White "LookImYourVader"]
[Black "QuieroAprender"]
[Result "1-0"]
[WhiteElo "1745"]
[BlackElo "1608"]
[Opening "Scotch gambit"]
[ECO "C44"]
[Time "16:30:42"]
[TimeControl "2700+45"]

1. e4 e5 2. Nf3 Nc6 3. d4 exd4 4. Bc4 h6 5. Nxd4 Nxd4 6. Qxd4 Qf6 7. Be3 c5 8.
Qxf6 Nxf6 9. Nc3 b6 10. Nb5 Kd8 11. e5 a6 12. Nc3 Ng4 13. Bf4 g5 14. Bg3 Bg7 15.
Bxf7 Nxe5 16. Bd5 Nc6 17. O-O-O Bb7 18. Na4 Ra7 19. Nxb6 Nd4 20. c3 Bxd5 21.
Nxd5 Ne2+ 22. Kc2 Nxg3 23. hxg3 Re8 24. Rde1 Rxe1 25. Rxe1 d6 26. Re6 Bf8 27. f4
Kd7 28. Rf6 Kc6 29. c4 Bg7 30. Rf5 a5 31. a4 Rb7 32. b3 Bd4 33. fxg5 hxg5 34.
Rxg5 Rf7 35. Rf5 Rg7 36. Rf3 Be5 37. Nf4 Bxf4 38. gxf4 Rxg2+ 39. Kc3 Kd7 40. Kd3
Rb2 41. Ke4 Ke6 42. f5+ Kf6 43. Kd5 Rd2+ 44. Kc6 Ke7 45. Kb5 d5 46. Kxc5 d4 47.
Kd5 Kf6 48. c5 d3 49. c6 Rd1 50. c7 Rc1 51. Rxd3 Rxc7 52. Kd6 Rc8 53. Rd5 Rc3
54. Rb5 Kf7 55. Rxa5 Rxb3 56. Rb5 Ra3 57. a5 Kf6 58. Kc7 Ke7 59. Kb7 Rh3 60. a6
Rh7 61. a7 Kd6+ 62. Ka6 {Black resigns} 1-0

[Event "Team 45 45 League T73"]
[Site "Internet Chess Club"]
[Date "2017.06.17"]
[Round "1"]
[White "JasonModer"]
[Black "laurenpar"]
[Result "1-0"]
[WhiteElo "2006"]
[BlackElo "1924"]
[Opening "Dutch defense"]
[ECO "A90"]
[Time "21:01:05"]
[TimeControl "2700+45"]

1. d4 e6 2. c4 f5 3. g3 Nf6 4. Bg2 d5 5. Nf3 c6 6. O-O Bd6 7. b3 Qe7 8. Bb2 b6
9. Qc1 Na6 10. Ba3 Nb4 11. c5 bxc5 12. dxc5 Bxc5 13. Bxb4 Bxb4 14. Qxc6+ Qd7 15.
Qxa8 O-O 16. Qb8 Bd6 17. Ne5 Qd8 18. Nc6 Bxb8 19. Nxd8 Be5 20. Nc3 Rxd8 21. Rac1
Ba6 22. Na4 Kf7 23. Nc5 Bc8 24. Rc2 Ne4 25. Rfc1 Nxc5 26. Rxc5 Bd7 27. e3 Ke7
28. Bf1 d4 29. Rxe5 {Black resigns} 1-0

[Event "Team 45 45 League T73"]
[Site "Internet Chess Club"]
[Date "2017.06.15"]
[Round "1"]
[White "Littlemon"]
[Black "ChessRooklift"]
[Result "0-1"]
[WhiteElo "1570"]
[BlackElo "1745"]
[Opening "Queen's pawn: Lundin (Kevitz-Mikenas) defense"]
[ECO "A40"]
[Time "12:33:07"]
[TimeControl "2700+45"]

1. d4 Nc6 2. c4 e5 3. d5 Nce7 4. e4 Ng6 5. Nf3 Bc5 6. Nc3 Nf6 7. a3 Ng4 8. b4
Bxf2+ 9. Ke2 Bh4 10. g3 Be7 11. c5 d6 12. c6 bxc6 13. Qa4 O-O 14. dxc6 Be6 15.
b5 Qc8 16. Ke1 f5 17. exf5 Bxf5 18. Be2 Be6 19. Kf1 d5 20. Kg2 Bc5 21. Bd2 e4
22. Nd4 Rf2+ 23. Kg1 Rf7 24. Rf1 Qf8 25. Be1 Rxf1+ 26. Bxf1 Qf6 27. Ne2 Rf8 28.
Kg2 Ne3+ 29. Kg1 Qxf1# {White checkmated} 0-1

[Event "Team 45 45 League T73"]
[Site "Internet Chess Club"]
[Date "2017.06.19"]
[Round "1"]
[White "cityprosecutor"]
[Black "viktory"]
[Result "1/2-1/2"]
[WhiteElo "1709"]
[BlackElo "1670"]
[Opening "Sicilian defense"]
[ECO "B20"]
[Time "20:07:20"]
[TimeControl "2700+45"]

1. e4 c5 2. d3 Nc6 3. g3 g6 4. Bg2 Bg7 5. f4 d6 6. Nf3 e6 7. O-O Nge7 8. c3 O-O
9. a4 Bd7 10. Na3 Qc7 11. Nb5 Qb8 12. Re1 a6 13. Na3 Qc7 14. Nc4 b5 15. axb5
axb5 16. Rxa8 Rxa8 17. Ne3 Ra1 18. Nc2 Ra8 19. d4 cxd4 20. Nfxd4 Nxd4 21. Nxd4
Ra1 22. Nb3 Ra8 23. Be3 Bc6 24. Nd4 Bd7 25. Qf3 Rb8 26. Nc2 Nc6 27. Bh3 {Game
drawn by mutual agreement} 1/2-1/2

[Event "Team 45 45 League T73"]
[Site "Internet Chess Club"]
[Date "2017.06.16"]
[Round "1"]
[White "Grann"]
[Black "BigH"]
[Result "1-0"]
[WhiteElo "1761"]
[BlackElo "1965"]
[Opening "Ruy Lopez: Berlin defense"]
[ECO "C65"]
[Time "12:07:55"]
[TimeControl "2700+45"]

1. e4 e5 2. Nf3 Nc6 3. Bb5 Nf6 4. d3 Bc5 5. O-O Nd4 6. Nxd4 Bxd4 7. Nd2 c6 8.
Bc4 Bb6 9. Bb3 h6 10. Nc4 Bc7 11. f4 d6 12. fxe5 dxe5 13. Qf3 Be6 14. Ne3 Bxb3
15. axb3 Bb6 16. Kh1 Bxe3 17. Bxe3 a6 18. Qg3 Rh7 19. Qxe5+ Kf8 20. Rf3 Qd7 21.
Raf1 Re8 22. Qg3 Re6 23. Bc5+ Ke8 24. Qb8+ Qd8 25. Qxb7 h5 26. d4 Qd7 27. Qa8+
Qd8 28. Qxa6 Nxe4 29. Rxf7 Rh8 30. Rf8+ Rxf8 31. Rxf8+ Kd7 32. Rxd8+ Kxd8 33.
Qa8+ Kd7 34. Qb7+ Ke8 35. Qc8+ Kf7 36. Qd7+ Kf6 37. Bf8 Ng5 38. Bxg7+ Kg6 39.
Be5 c5 40. h4 cxd4 41. Qg7+ Kf5 42. Qxg5+ Ke4 43. Qf4+ Kd5 44. Qxd4+ Kc6 45. b4
Rh6 46. Qe4+ Kb6 47. Qe3+ Kb5 48. Qc5+ Ka6 49. b5+ Ka5 50. Bc7+ Rb6 51. Qxb6+
Ka4 52. Qa5# {Black checkmated} 1-0

[Event "Team 45 45 League T73"]
[Site "Internet Chess Club"]
[Date "2017.06.15"]
[Round "1"]
[White "searchforbobby1"]
[Black "ANGELLR"]
[Result "1-0"]
[WhiteElo "1966"]
[BlackElo "1850"]
[Opening "French: Fort Knox variation"]
[ECO "C10"]
[Time "20:10:09"]
[TimeControl "2700+45"]

1. e4 e6 2. d4 d5 3. Nc3 dxe4 4. Nxe4 Bd7 5. Nf3 Bc6 6. Bd3 Nd7 7. O-O Ngf6 8.
Ng3 Be7 9. Qe2 O-O 10. Ne5 Nxe5 11. dxe5 Qd5 12. f4 Bc5+ 13. Kh1 Ng4 14. Be4 Qd4
15. Bxc6 Nf2+ 16. Rxf2 Qxf2 17. Qxf2 Bxf2 18. Bf3 Rfd8 19. Ne4 Bd4 20. g3 Rd7
21. c3 Bb6 22. Bd2 Rad8 23. Be1 h6 24. h4 Be3 25. Kg2 a6 26. Kf1 Kf8 27. Bf2
Bxf2 28. Kxf2 b6 29. Be2 a5 30. Ke1 Ke7 31. Rd1 Rxd1+ 32. Bxd1 f6 33. exf6+ gxf6
34. Be2 f5 35. Nd2 Rg8 36. Kf2 Rd8 37. Nf3 Rd6 38. Ke3 Kf6 39. Ne5 Rd5 40. a4
Rd6 41. b4 axb4 42. cxb4 Rd5 43. Bf3 Rd6 44. a5 bxa5 45. bxa5 c5 46. Bb7 Rd4 47.
a6 Ra4 48. Nc6 {Black resigns} 1-0

[Event "Team 45 45 League T73"]
[Site "Internet Chess Club"]
[Date "2017.06.20"]
[Round "1"]
[White "kamalchandran"]
[Black "ChessHouston"]
[Result "1-0"]
[WhiteElo "1890"]
[BlackElo "1761"]
[Opening "KP: Nimzovich defense"]
[ECO "B00"]
[Time "09:07:07"]
[TimeControl "2700+45"]

1. e4 Nc6 2. d4 d5 3. e5 Bf5 4. Nf3 e6 5. Nbd2 f6 6. Bb5 Qd7 7. O-O Nge7 8. Nb3
Ng6 9. Na5 a6 10. Bxc6 bxc6 11. c4 Bb4 12. Bd2 Bxa5 13. Bxa5 fxe5 14. Nxe5 Nxe5
15. dxe5 d4 16. Bb4 a5 17. Bc5 d3 18. Qd2 Kf7 19. Qf4 h5 20. f3 h4 21. g4 hxg3
22. hxg3 Rh3 23. g4 Rah8 24. gxf5 R8h4 25. fxe6+ Kxe6 26. Qg5 Rh1+ 27. Kf2 R4h2+
28. Kg3 Rh3+ 29. Kf4 Rh4+ 30. Ke3 R1h2 31. Qg6+ Kxe5 32. f4+ Rxf4 33. Rxf4 Re2+
34. Kf3 Qh3+ 35. Qg3 Qxg3+ 36. Kxg3 {Black resigns} 1-0

[Event "Team 45 45 League T73"]
[Site "Internet Chess Club"]
[Date "2017.06.20"]
[Round "1"]
[White "Portola"]
[Black "Agarnez"]
[Result "0-1"]
[WhiteElo "1787"]
[BlackElo "1933"]
[Opening "Queen's pawn game"]
[ECO "A46"]
[Time "16:00:22"]
[TimeControl "2700+45"]

1. d4 Nf6 2. Nf3 c5 3. e3 e6 4. c3 b6 5. Nbd2 Bb7 6. Bd3 Nc6 7. O-O Rc8 8. Qe2
Be7 9. a3 d5 10. Re1 O-O 11. b3 Re8 12. Bb5 Nd7 13. Bb2 Bf6 14. c4 a6 15. Ba4
dxc4 16. bxc4 cxd4 17. exd4 Nc5 18. dxc5 Bxb2 19. Rab1 Bxa3 20. cxb6 Qe7 21. Ne4
Red8 22. Red1 Bc5 23. Rxd8+ Rxd8 24. Neg5 Nd4 25. Nxd4 Qxg5 26. Nf3 Qf4 27. Bd1
Qd6 28. Bc2 Qf4 29. Bd1 Rd6 30. g3 Qf5 31. Nh4 Qxb1 {White resigns} 0-1

[Event "Team 45 45 League T73"]
[Site "Internet Chess Club"]
[Date "2017.06.17"]
[Round "1"]
[White "MeWantCookie"]
[Black "Monterrey"]
[Result "1-0"]
[WhiteElo "2093"]
[BlackElo "1988"]
[Opening "Nimzovich-Larsen attack: modern variation"]
[ECO "A01"]
[Time "17:14:05"]
[TimeControl "2700+45"]

1. b3 e5 2. Bb2 Nc6 3. e3 d6 4. c4 Nf6 5. Nc3 g6 6. g3 Bg7 7. Bg2 O-O 8. Nge2 d5
9. Nxd5 Nxd5 10. cxd5 Nb4 11. O-O Nxd5 12. d4 exd4 13. Bxd4 c6 14. Bxg7 Kxg7 15.
Bxd5 Qxd5 16. Qxd5 cxd5 17. Kg2 Bf5 18. Rac1 Rac8 19. Rfd1 Rfd8 20. Rxc8 Rxc8
21. Rd2 a5 22. Nd4 Bd7 23. Rc2 Rxc2 24. Nxc2 g5 25. Nd4 Kf6 26. a3 h6 27. f4 Kg6
28. Kf3 h5 29. fxg5 Kxg5 30. h4+ Kf6 31. Kf4 b6 32. Ne2 Bg4 33. Nc3 Ke6 34. b4
f6 35. Na4 axb4 36. axb4 Kd6 37. Nxb6 Bd1 38. e4 d4 39. Nc4+ Kc6 40. e5 fxe5+
41. Kxe5 d3 42. Kd4 Kb5 43. Nb2 Be2 44. Nxd3 Bg4 45. Ke5 Be2 46. Nf4 Bg4 47. Kf6
Kxb4 48. Kg5 Kc5 49. Nxh5 Bd1 50. Nf4 Kd6 51. Kf6 {Black resigns} 1-0

[Event "Team 45 45 League T73"]
[Site "Internet Chess Club"]
[Date "2017.06.17"]
[Round "1"]
[White "TheRailgun"]
[Black "Percival"]
[Result "0-1"]
[WhiteElo "1835"]
[BlackElo "2063"]
[Opening "French: Fort Knox variation"]
[ECO "C10"]
[Time "20:00:31"]
[TimeControl "2700+45"]

1. e4 e6 2. d4 d5 3. Nc3 dxe4 4. Nxe4 Bd7 5. Nf3 Bc6 6. Bd3 Nd7 7. O-O Ngf6 8.
Qe2 Nxe4 9. Bxe4 Bxe4 10. Qxe4 c6 11. c4 Be7 12. Bf4 O-O 13. Rfd1 Nf6 14. Qe5
Qb6 15. Rd2 Rad8 16. h3 Bd6 17. Qe3 Bxf4 18. Qxf4 Qb4 19. Rc1 Rfe8 20. a3 Qa4
21. Ne5 Qa5 22. Rcd1 Qc7 23. Qe3 Rd6 24. b4 Red8 25. Rd3 h6 26. f4 Qe7 27. Qf3
Nd7 28. b5 f6 29. bxc6 fxe5 30. cxd7 exd4 31. Qxb7 R6xd7 32. Qb4 Qf6 33. Qd2 e5
34. fxe5 Qxe5 35. Re1 Qc5 36. Qb4 Rc7 37. Rc1 a5 38. Qxc5 Rxc5 39. Kf2 Kf7 40.
Kf3 Kf6 41. h4 Rf5+ 42. Kg3 Ke6 43. c5 Kd5 44. c6 Ke4 45. c7 Rc8 46. Rb3 Rf7 47.
Re1+ Kd5 48. Rb5+ Kc4 49. Rxa5 Rcxc7 50. Rc1+ Kd3 51. Rd1+ Kc3 52. Rd5 Rc4 53.
Rc1+ Kd3 54. Rd1+ Ke4 55. Rd8 Rc3+ 56. Kh2 d3 57. a4 Rf2 58. Rg8 Ke3 59. Rxg7
Ke2 60. Ra1 d2 61. Ra2 Ke1 62. Rd7 Re2 {White resigns} 0-1

[Event "Team 45 45 League T73"]
[Site "Internet Chess Club"]
[Date "2017.06.16"]
[Round "1"]
[White "kidcobra"]
[Black "laurenpar"]
[Result "0-1"]
[WhiteElo "1854"]
[BlackElo "1937"]
[Opening "French: Tarrasch"]
[ECO "C03"]
[Time "21:03:33"]
[TimeControl "2700+45"]

1. e4 e6 2. d4 d5 3. Nd2 a6 4. c3 c5 5. e5 Nc6 6. Ngf3 cxd4 7. cxd4 Bd7 8. Bd3
a5 9. b3 Nb4 10. Bb1 Bb5 11. Nf1 Rc8 12. a3 Qc7 13. Bb2 Nc2+ 14. Bxc2 Qxc2 15.
Rc1 Qxd1+ 16. Kxd1 Rxc1+ 17. Kxc1 Nh6 18. Ne3 Be7 19. Kd2 Kd7 20. Rc1 f6 21. h3
Nf7 22. a4 Ba6 23. Nc2 fxe5 24. dxe5 Ng5 25. Ncd4 Rf8 26. Ke3 Ne4 27. Bc3 Rc8
28. Bb2 Rxc1 29. Bxc1 Bf1 30. Ne1 Bg5+ 31. f4 Bh4 32. Ndc2 Bxe1 33. Nxe1 Nc5 34.
Kf2 Nxb3 35. Ba3 Bc4 36. g4 d4 37. Nf3 Bd5 38. Bb2 d3 39. Ke3 Bxf3 40. Kxf3 Nc5
41. Ke3 b6 42. Bd4 Nxa4 43. Kxd3 g6 44. h4 Nc5+ 45. Kc4 Kc6 46. Bb2 b5+ 47. Kd4
a4 48. Ba3 Nb3+ 49. Ke4 Nd2+ 50. Kd3 Nc4 51. Bb4 a3 52. h5 a2 53. Bc3 b4 54.
hxg6 hxg6 55. Ba1 Kd5 56. f5 exf5 57. e6 Nd6 58. e7 fxg4 59. Ke3 Ke6 60. Kf4
Kxe7 61. Kxg4 b3 62. Kg5 Kf7 63. Kh6 Nc4 64. Kh7 b2 65. Bxb2 Nxb2 66. Kh6 a1=Q
67. Kg5 Qf1 68. Kg4 Nd3 69. Kg3 Qf2+ 70. Kg4 Qf4+ 71. Kh3 Qg5 72. Kh2 Nf4 73.
Kh1 Qg2# {White checkmated} 0-1

[Event "Team 45 45 League T73"]
[Site "Internet Chess Club"]
[Date "2017.06.19"]
[Round "1"]
[White "bobhill"]
[Black "CaptK"]
[Result "1-0"]
[WhiteElo "1835"]
[BlackElo "1850"]
[Opening "King's Indian: Torre attack"]
[ECO "A48"]
[Time "22:09:32"]
[TimeControl "2700+45"]

1. d4 Nf6 2. Nf3 g6 3. Bg5 Bg7 4. Nbd2 d5 5. e3 O-O 6. Bd3 Nbd7 7. O-O c5 8. c3
Re8 9. e4 cxd4 10. e5 dxc3 11. bxc3 Ng4 12. e6 fxe6 13. Nd4 Nge5 14. Nxe6 Qb6
15. Nxg7 Kxg7 16. Be3 Qc6 17. Bd4 Kg8 18. Bc2 Nf7 19. Re1 Nf8 20. Rb1 Bd7 21.
Nf3 b5 22. Ne5 Nxe5 23. Rxe5 Be6 24. Qe2 a6 25. Qe3 Bf7 26. Qh6 e6 27. Rbe1 Qb7
28. Rxd5 e5 29. Rdxe5 Rxe5 30. Rxe5 Re8 31. Rxe8 Bxe8 32. Bb3+ {Black resigns}
1-0

[Event "Team 45 45 League T73"]
[Site "Internet Chess Club"]
[Date "2017.06.17"]
[Round "1"]
[White "Tobiasdelmonte"]
[Black "Egmont"]
[Result "1/2-1/2"]
[WhiteElo "1638"]
[BlackElo "1698"]
[Opening "QGD Slav defense: exchange variation"]
[ECO "D10"]
[Time "08:02:37"]
[TimeControl "2700+45"]

1. d4 d5 2. c4 c6 3. cxd5 cxd5 4. Bf4 Nf6 5. e3 Nc6 6. Nf3 a6 7. Nc3 Bg4 8. Qb3
Na5 9. Qd1 Nc6 10. h3 Bf5 11. Ne5 e6 12. g4 Bg6 13. Nxg6 hxg6 14. Bg2 Bd6 15.
Bxd6 Qxd6 16. O-O O-O 17. Rc1 Na5 18. b3 Rac8 19. Qd2 Qb4 20. Rfd1 Rc7 21. Ne4
Qxd2 22. Nxd2 Rfc8 23. Rxc7 Rxc7 24. b4 Nc4 25. Rc1 Ne8 26. Nb3 b6 27. Bf1 Ned6
28. a4 b5 29. Nc5 bxa4 30. Nxa4 Rb7 31. Nc5 Rxb4 32. Nxa6 Rb2 33. Nc5 Nd2 34.
Bd3 Nb3 35. Rc2 Rxc2 36. Bxc2 Nd2 37. Kg2 N2c4 38. Kf3 Kf8 39. Ke2 Ke7 40. f3 g5
41. e4 Nb5 42. Nb3 Kd6 43. e5+ Kc6 44. Bh7 Kd7 45. Bd3 Nba3 46. Nc5+ Ke7 47. Kf2
Nb2 48. Be2 Nbc4 49. f4 f6 50. fxg5 fxg5 51. Bd3 Nb5 52. Nb3 Kf7 53. Kg3 Ke7 54.
h4 gxh4+ 55. Kxh4 Kf7 56. Kh5 Nba3 57. Bg6+ Ke7 58. Kg5 Ne3 59. Bd3 Kf7 60. Ba6
Nac4 61. Kf4 Ng2+ 62. Kg5 Nge3 63. Bc8 Ke7 64. Nc5 Nc2 65. Bxe6 Nxd4 66. Bxd5
Nxe5 67. Ne4 Ne6+ 68. Kf5 Nxg4 69. Kxg4 {Game drawn by mutual agreement} 1/2-1/2

[Event "Team 45 45 League T73"]
[Site "Internet Chess Club"]
[Date "2017.06.15"]
[Round "1"]
[White "zugknightly"]
[Black "Ajolote"]
[Result "0-1"]
[WhiteElo "1666"]
[BlackElo "1754"]
[Opening "QGD: Charousek (Petrosian) variation"]
[ECO "D31"]
[Time "21:04:29"]
[TimeControl "2700+45"]

1. d4 d5 2. c4 e6 3. Nc3 Be7 4. cxd5 exd5 5. Qc2 Nf6 6. Bg5 O-O 7. e3 Be6 8. Bd3
h6 9. Bh4 Nbd7 10. Nge2 Rc8 11. Nf4 c5 12. Bxf6 Nxf6 13. Nxe6 fxe6 14. dxc5 Bxc5
15. Qe2 Bb4 16. Rc1 Qa5 17. O-O Bxc3 18. bxc3 Rxc3 19. Qd2 Ra3 20. Qxa5 Rxa5 21.
Rc7 Rxa2 22. Rxb7 Ng4 23. Bb1 Raxf2 24. Rxf2 Nxf2 25. Rxa7 Ng4 26. e4 Rc8 27.
Bd3 Rc1+ 28. Bf1 dxe4 29. Ra8+ Kh7 30. Ra3 e3 31. h3 e2 {White resigns} 0-1

[Event "Team 45 45 League T73"]
[Site "Internet Chess Club"]
[Date "2017.06.17"]
[Round "1"]
[White "Skeptic1972"]
[Black "julesraider"]
[Result "0-1"]
[WhiteElo "1474"]
[BlackElo "1556"]
[Opening "Caro-Kann: classical, Spassky variation"]
[ECO "B19"]
[Time "13:00:00"]
[TimeControl "2700+45"]

1. e4 c6 2. d4 d5 3. Nc3 dxe4 4. Nxe4 Bf5 5. Ng3 Bg6 6. h4 h6 7. Nf3 Nd7 8. h5
Bh7 9. Bd3 Bxd3 10. Qxd3 Ngf6 11. O-O e6 12. Ne5 Be7 13. f4 O-O 14. f5 exf5 15.
Qxf5 Nxe5 16. dxe5 Qd4+ 17. Kh1 Nd5 18. Ne2 Qh4+ 19. Kg1 Bc5+ {White resigns}
0-1

[Event "Team 45 45 League T73"]
[Site "Internet Chess Club"]
[Date "2017.06.14"]
[Round "1"]
[White "losscause"]
[Black "nidusin2"]
[Result "1/2-1/2"]
[WhiteElo "1446"]
[BlackElo "1521"]
[Opening "Queen's Pawn"]
[ECO "A41"]
[Time "21:03:53"]
[TimeControl "2700+45"]

1. d4 d6 2. Bg5 Nf6 3. Nf3 Nbd7 4. Nbd2 e5 5. c3 e4 6. Nxe4 Be7 7. Nxf6+ Nxf6 8.
e3 h6 9. Bxf6 Bxf6 10. Be2 Bf5 11. Bd3 Bg4 12. Be2 Bf5 13. Bd3 Bg4 14. h3 Bh5
15. Bf5 g5 16. g4 Bg6 17. Qd3 Rg8 18. Nd2 d5 19. Bxg6 Rxg6 20. Qb5+ c6 21. Qxb7
Be7 22. Qb3 Rb8 23. Qc2 Re6 24. Nf3 Qb6 25. Rb1 c5 26. O-O h5 27. Ne5 hxg4 28.
Qa4+ Qb5 29. Qxb5+ Rxb5 30. hxg4 c4 31. Kg2 Rbb6 32. b3 f6 33. Nf3 Re4 34. Kh3
f5 35. Nh2 Rh6+ 36. Kg2 fxg4 37. bxc4 g3 38. fxg3 Rxe3 39. Ng4 Re2+ 40. Rf2 Rhe6
41. Rb8+ Kd7 42. Ne5+ R2xe5 43. dxe5 dxc4 44. Rb7+ Kc8 45. Rb5 Kc7 46. Rfb2 Kc6
47. a4 Bc5 48. Rxc5+ Kxc5 49. Rb5+ Kc6 50. Rb4 Kc5 51. Rb5+ Kc6 52. Ra5 Kb6 53.
Rb5+ Kc6 54. Kf3 a6 55. Ra5 Kb6 56. Rd5 Kc6 57. Ke4 Rh6 58. g4 Rh3 59. Rd6+ Kc7
60. Kd4 Rh4 61. Kxc4 Rxg4+ 62. Kb3 Re4 63. Rxa6 Rxe5 64. Rg6 Rf5 65. Kb4 Rf4+
66. c4 g4 67. a5 Kb7 68. Kb5 Rf5+ 69. c5 Rf1 70. Rxg4 Rb1+ 71. Rb4 Rg1 72. a6+
Ka7 73. Rd4 Rg7 74. Rd5 Rf7 75. c6 Rf2 76. Rd7+ Kb8 77. a7+ Ka8 78. Kc5 Rc2+ 79.
Kd6 Rd2+ 80. Ke7 Re2+ 81. Kf8 Rf2+ 82. Rf7 Rc2 83. Rc7 Rf2+ 84. Ke8 Re2+ 85. Kd8
Rd2+ 86. Rd7 Rh2 87. Kc8 Rh6 88. c7 Kxa7 89. Kd8 Rh8+ 90. Ke7 Kb7 91. Kd6 Rh6+
92. Kc5 Kc8 {Game drawn by mutual agreement} 1/2-1/2

[Event "Team 45 45 League T73"]
[Site "Internet Chess Club"]
[Date "2017.06.16"]
[Round "1"]
[White "primerpaso"]
[Black "tuotuo123"]
[Result "1-0"]
[WhiteElo "1817"]
[BlackElo "1435"]
[Opening "English: Anglo-Grünfeld defense"]
[ECO "A16"]
[Time "20:01:31"]
[TimeControl "2700+45"]

1. c4 Nf6 2. Nc3 d5 3. cxd5 Nxd5 4. g3 Nc6 5. Bg2 Nxc3 6. bxc3 e5 7. Rb1 Bc5 8.
Qc2 Qf6 9. Nf3 Bf5 10. d3 Bb6 11. O-O O-O 12. h3 Rfe8 13. e4 Be6 14. Kh2 h6 15.
Bb2 Bxa2 16. Ra1 Be6 17. Nd2 g5 18. f4 exf4 19. gxf4 gxf4 20. d4 Qh4 21. Rf3 Ne7
22. c4 c6 23. Qc3 Qf6 24. Raf1 Ng6 25. e5 Qg5 26. Ne4 Qf5 27. Nf6+ Kg7 28. d5
cxd5 29. cxd5 Rec8 30. Qb3 Bd7 31. Nxd7 Qxd7 32. e6+ {Black resigns} 1-0

[Event "Team 45 45 League T73"]
[Site "Internet Chess Club"]
[Date "2017.06.14"]
[Round "1"]
[White "kwen2008"]
[Black "VictorRed"]
[Result "1-0"]
[WhiteElo "1589"]
[BlackElo "1670"]
[Opening "Philidor: exchange variation"]
[ECO "C41"]
[Time "22:00:51"]
[TimeControl "2700+45"]

1. e4 e5 2. Nf3 d6 3. d4 exd4 4. Nxd4 Nf6 5. Nc3 Be7 6. Bc4 Kf8 7. O-O c5 8. Nb3
Nc6 9. Bf4 Bg4 10. Qd2 a6 11. f3 Be6 12. Nd5 b5 13. Nxe7 Kxe7 14. Bxe6 fxe6 15.
Rad1 e5 16. Be3 Qc7 17. f4 h6 18. fxe5 Nxe5 19. Bf4 Rad8 20. Bxe5 dxe5 21. Qe3
Rc8 22. Qg3 Kf7 23. Rd5 c4 24. Nc5 Rhd8 25. Qxe5 Qb6 26. Rxd8 Rxd8 27. Qf5 Rd2
28. Kh1 Kg8 29. e5 Qxc5 30. Qe6+ Kh7 31. exf6 Rf2 32. Rd1 Rf4 33. fxg7 Qg5 34.
g8=Q+ Qxg8 35. Rd7+ {Black resigns} 1-0

[Event "Team 45 45 League T73"]
[Site "Internet Chess Club"]
[Date "2017.06.14"]
[Round "1"]
[White "armand068new"]
[Black "skywise"]
[Result "1-0"]
[WhiteElo "1563"]
[BlackElo "1429"]
[Opening "Grünfeld: Grünfeld gambit"]
[ECO "D83"]
[Time "18:13:55"]
[TimeControl "2700+45"]

1. d4 Nf6 2. c4 g6 3. Nc3 d5 4. Bf4 Bg7 5. e3 O-O 6. Bd3 c5 7. Nge2 Qb6 8. cxd5
Qxb2 9. Rb1 Qa3 10. Rb3 Qa5 11. Rb5 Qd8 12. Rxc5 b6 13. Rxc8 Qxc8 14. e4 Qg4 15.
O-O g5 16. f3 Qh5 17. Ng3 Qh4 18. Be5 g4 19. Nf5 Qg5 20. f4 Qg6 21. Nxe7+ Kh8
22. Nxg6+ fxg6 23. Bxf6 Bxf6 24. e5 Be7 25. d6 Bd8 26. Be4 Nc6 27. Bxc6 Rc8 28.
d5 {Black resigns} 1-0

[Event "Team 45 45 League T73"]
[Site "Internet Chess Club"]
[Date "2017.06.19"]
[Round "1"]
[White "dinosaurchess"]
[Black "olivermx"]
[Result "1/2-1/2"]
[WhiteElo "1316"]
[BlackElo "1287"]
[Opening "Ruy Lopez: old Steinitz defense"]
[ECO "C62"]
[Time "10:00:39"]
[TimeControl "2700+45"]

1. e4 e5 2. Nf3 Nc6 3. Bb5 d6 4. O-O Bd7 5. d3 Nf6 6. Bg5 Be7 7. h3 O-O 8. Nc3
a6 9. Ba4 b5 10. Bb3 h6 11. Bh4 Na5 12. Re1 Nxb3 13. axb3 Nh5 14. Bxe7 Qxe7 15.
Nd5 Qd8 16. c4 Bc6 17. Nb4 Bb7 18. d4 Qe7 19. Qc2 d5 20. exd5 Qxb4 21. Rxe5 Nf6
22. cxb5 Rfc8 23. bxa6 Rxa6 24. Rxa6 Bxa6 25. Qc3 Qxc3 26. bxc3 Rd8 27. c4 Rb8
28. Nd2 Kf8 29. Kf1 Nd7 30. Re3 Rc8 31. Ke1 c5 32. dxc5 Nxc5 33. Ke2 Nb7 34. Kf3
Nd6 35. g4 f6 36. Re6 Nxc4 37. bxc4 Bxc4 38. Nxc4 Rxc4 39. Rc6 Rd4 40. Rc5 Ke7
41. Ke3 Rd1 42. h4 Kd6 43. Rb5 Rxd5 44. Rxd5+ Kxd5 45. Kf4 Ke6 46. h5 Kf7 47.
Kf5 Kg8 48. Kg6 Kf8 49. Kh7 Kf7 50. f4 Kf8 51. Kg6 Kg8 52. g5 hxg5 53. fxg5 fxg5
54. Kxg5 Kh8 55. Kg6 Kg8 56. Kf5 Kh8 57. Kg6 Kg8 58. h6 gxh6 59. Kxh6 {Game
drawn because neither player has mating material} 1/2-1/2

[Event "Team 45 45 League T73"]
[Site "Internet Chess Club"]
[Date "2017.06.17"]
[Round "1"]
[White "zepled37"]
[Black "JPSVI"]
[Result "1-0"]
[WhiteElo "1697"]
[BlackElo "1373"]
[Opening "French: advance, Paulsen attack"]
[ECO "C02"]
[Time "17:09:47"]
[TimeControl "2700+45"]

1. e4 e6 2. d4 d5 3. e5 c5 4. c3 Nc6 5. Nf3 b6 6. Bd3 a5 7. O-O Ba6 8. Re1 Bxd3
9. Qxd3 c4 10. Qc2 h6 11. a4 Na7 12. b3 Rc8 13. Na3 Bxa3 14. Bxa3 Ne7 15. Nd2
cxb3 16. Qxb3 Rc6 17. c4 dxc4 18. Nxc4 Nd5 19. Nd6+ {Black resigns} 1-0